 Dungeon Crawl Stone Soup version 0.27.0-1-g7a089689b8 (webtiles) character file.

Game seed: 18220066858272312214

81 sasquatch the Slasher (level 4, -13/35 HPs)
             Began as a Formicid Abyssal Knight on Aug 10, 2021.
             Was a Believer of Lugonu.
             Mangled by a two-headed ogre (17 damage)
             ... on level 10 of the Dungeon.
             The game lasted 00:05:06 (2338 turns).

sasquatch the Slasher (Formicid Abyssal Knight)     Turns: 2338, Time: 00:05:08

Health: -13/35     AC:  5    Str: 18    XL:     4   Next: 68%
Magic:  13/14      EV: 10    Int: 11    God:    Lugonu [**....]
Gold:   52         SH:  0    Dex: 10    Spells: 3/3 levels left

rFire    . . .     SeeInvis +   a - +1 falchion
rCold    . . .     Faith    .   (no shield)
rNeg     . . .     Spirit   .   e - +0 ring mail
rPois    .         Reflect  .   (helmet unavailable)
rElec    .         Harm     .   (no cloak)
rCorr    .         Rampage  .   (no gloves)
Will     .....                  (no boots)
Stlth    ..........             (no amulet)
HPRegen  0.11/turn              d - ring of magical power
MPRegen  0.14/turn              (no ring)

@: no status effects
A: permanent stasis, dig shafts and tunnels, antennae 3, four strong arms
a: Dig, Shaft Self, Renounce Religion, Depart the Abyss, Bend Space


You were on level 10 of the Dungeon.
You worshipped Lugonu.
Lugonu was pleased with you.
You visited 1 branch of the dungeon, and saw 6 of its levels.
You visited the Abyss 1 time.

You collected 52 gold pieces.

Inventory:

Hand Weapons
 a - a +1 falchion (weapon)
 g - a +0 scimitar
Missiles
 m - 7 boomerangs
Armour
 e - a +0 ring mail (worn)
 l - a +0 plate armour
Jewellery
 d - a ring of magical power (left hand)
Wands
 k - a wand of iceblast (7)
Scrolls
 b - 2 scrolls of identify {unknown}
 f - a scroll of holy word {unknown}
 h - a scroll of noise {unknown}
 i - a scroll of immolation {unknown}
Potions
 c - 2 potions of heal wounds {unknown}
 j - a potion of berserk rage {unknown}


   Skills:
 - Level 3.2 Fighting
 + Level 4.5 Long Blades
 - Level 2.1 Armour
 - Level 0.8 Dodging
 - Level 2.1 Invocations


You had 3 spell levels left.
You didn't know any spells.
Your spell library contained the following spells:

 Spells                   Type           Power      Damage    Failure   Level
 Lesser Beckoning         Tloc           0%         N/A       88%         3
 Manifold Assault         Tloc           0%         N/A       100%        5
 Blink                    Tloc           Unusable   N/A       N/A         2

Dungeon Overview and Level Annotations

Branches:
Dungeon (5/15)
 Temple: D:4-7

Altars:
Gozag
Nemelex Xobeh
Qazlal
Trog

Annotations:
D:5 Eustachio


Innate Abilities, Weirdness & Mutations

You cannot be hasted, slowed, berserked, paralysed or teleported.
You can dig through walls and to a lower floor.
You have a pair of large antennae on your head. (SInv)
Your four strong arms can wield two-handed weapons with a shield.


Message History

A sentinel's mark forms upon you.
You hear an angry hiss.
You hear a shout! x6
A bullfrog skeleton comes into view.
Found 25 stones.
The bullfrog skeleton barely misses you.
Found a short sword.
Space bends around you!
You blink.
Found 12 gold pieces.
The bullfrog skeleton barely misses you.
Eustachio casts a spell.
Eustachio blinks!
You fail to use your ability.
The bullfrog skeleton hits you.
* * * LOW HITPOINT WARNING * * *
Space bends around you!
You blink.
Are you sure you want to shaft yourself?
The bullfrog skeleton barely misses you.
You begin to dig a shaft.
You continue digging a shaft.
A shaft appears beneath you!
You fall into a shaft and drop 3 floors!
The shaft crumbles and collapses.
A steam dragon and an acid dragon come into view.
The steam dragon hisses angrily.
Are you sure you want to shaft yourself?
You begin to dig a shaft.
You continue digging a shaft.
A shaft appears beneath you!
You fall into a shaft and drop 2 floors!
The shaft crumbles and collapses.
A two-headed ogre comes into view. It is wielding two +0 giant clubs.
Found a rapier, a dagger and 19 stones.
You extend your mandibles.
You dig through the rock wall.
You retract your mandibles.
Space bends around you!
You blink.
You fail to use your ability.
The sentinel's mark upon you fades away.
The two-headed ogre barely misses you.
You riposte.
You hit the two-headed ogre.
The two-headed ogre is lightly wounded.
The two-headed ogre hits you with a +0 giant club!
You die...

############
...........#
...........#
.........O@#
...........#
...........#
#+######..##
(.......###
........#
........#
........#
.^....).#


You could see a two-headed ogre.

Vanquished Creatures
  An adder (D:3)
  An ufetubus (D:5)
  3 dart slugs
  An orc (D:5)
  7 ball pythons
  3 bats
  3 endoplasms (D:1)
  4 giant cockroaches
  6 goblins
  9 hobgoblins
  3 quokkas
  4 frilled lizards
  3 kobolds
  6 rats
54 creatures vanquished.

Vanquished Creatures (others)
  6 plants (D:1)
6 creatures vanquished.

Grand Total: 60 creatures vanquished

Notes
Turn   | Place    | Note
-------+----------+-------------------------------------------
     0 | Abyss:1  | sasquatch the Formicid Abyssal Knight began the quest for
                  | the Orb.
     0 | Abyss:1  | Reached XP level 1. HP: 18/18 MP: 2/2
    26 | Abyss:1  | Noticed a small abomination
    27 | Abyss:1  | Noticed a green very ugly thing
    28 | Abyss:1  | Noticed a black mamba zombie
    30 | Abyss:1  | Noticed a thrashing horror
    32 | D:1      | Escaped the Abyss
   183 | D:1      | Reached * piety under Lugonu
   184 | D:1      | Reached XP level 2. HP: 22/24 MP: 3/3
   265 | D:1      | Found a faded altar of an unknown god.
   330 | D:1      | Reached skill level 3 in Long Blades
   389 | D:1      | Reached XP level 3. HP: 25/29 MP: 4/4
  1359 | D:2      | You fall into a shaft and drop 1 floor!
  1370 | D:3      | Found a bloodstained altar of Trog.
  1389 | D:3      | Reached skill level 4 in Long Blades
  1389 | D:3      | Reached XP level 4. HP: 30/35 MP: 5/5
  1497 | D:3      | Reached ** piety under Lugonu
  1652 | D:2      | Found a stormy altar of Qazlal.
  1961 | D:3      | Found an opulent altar of Gozag.
  2128 | D:3      | Found a sparkling altar of Nemelex Xobeh.
  2266 | D:3      | You fall into a shaft and drop 2 floors!
  2266 | D:5      | Entered Level 5 of the Dungeon
  2290 | D:5      | Noticed Eustachio
  2297 | D:5      | Noticed an ogre
  2322 | D:5      | You fall into a shaft and drop 3 floors!
  2322 | D:8      | Noticed a steam dragon
  2322 | D:8      | Noticed an acid dragon
  2325 | D:8      | You fall into a shaft and drop 2 floors!
  2325 | D:10     | Entered Level 10 of the Dungeon
  2325 | D:10     | Noticed a two-headed ogre
  2338 | D:10     | Mangled by a two-headed ogre

Illustrated notes

Levels and vault maps discovered:
D:1:      lordsloth_arrival_two_stooges, layout_loops_ring,
          ebering_ecumenical_altar_sacrificial, minmay_misc_feat_rows,
          minmay_shallow_snake_nest
D:2:      layout_rooms, basic_altar
D:3:      layout_loops_cross, mainiacjoe_overflow_small_starburst,
          mainiacjoe_overflow_alcove_4, nicolae_uskayaw_suspiria,
          nemelex_spade_bored_becter
D:5:      layout_rooms, minmay_temple_entry_proselytizer, hangedman_decor_push,
          uniq_eustachio, uniq_sigmund
D:8:      layout_rooms, minmay_misc_feat_square, kennysheep_generic_room_3,
          uniq_harold
D:10:     layout_gridville, lair_entry_dummy, uniq_joseph

Skill      XL: |  1  2  3 |
---------------+----------+-----
Long Blades    | 3 4 |  4.5
Fighting       | |  3.2
Armour         | |  2.1
Dodging        | |  0.8
Invocations    | |  2.1

Action                   |  1- 3 |  4- 6 || total
-------------------------+-------+-------++-------
Melee: Falchion          |    80 |    43 ||   123
Invok: Depart the Abyss  |     1 |       ||     1
       Bend Space        |       |     6 ||     6
 Abil: Dig               |     1 |     6 ||     7
       Shaft Self        |       |     2 ||     2
Armor: Leather armour    |    16 |       ||    16
       Ring mail         |     6 |    16 ||    22
Dodge: Dodged            |    42 |    32 ||    74
       Rpst.: Falchion   |    20 |     8 ||    28
